AoeStats
← bagelboi93

Arabia

503190099Analyzed
1v1 RM · 11d ago on Aug 30, 2026· 39m 55s· 2 players
Game mode
Random Map
Map size
Tiny (2 player)
Population
200
Speed
Normal
Resources
Standard
Victory
Conquest
Starting age
Dark Age
Ending age
Imperial Age
RankedLock teamsTeams togetherTeam positionsShared explorationLock speedFull tech treeHidden civsTurbo modeCheats
Victory
Defeat
🇹🇼 Turks · Taiwan
1141
+15
🇺🇸 Magyars · United States
1115
-15
bagelboi93
6:58 Loom
9:56 Feudal Age
11:34 Double-Bit Axe
16:52 Bloodlines
17:16 Fletching
22:08 Castle Age
20:07 Horse Collar
23:18 Scale Barding Armor
23:48 Bow Saw
24:45 Husbandry
25:58 Chain Barding Armor
27:54 Bodkin Arrow
27:45 Crossbowman
30:19 Wheelbarrow
31:50 Husbandry
34:09 Thumb Ring
39:34 Imperial Age
38:02 Corvinian Army
TUNG_YI
9:41 Feudal Age
7:56 Loom
22:50 Castle Age
21:04 Horse Collar
21:18 Double-Bit Axe
22:09 Scale Barding Armor
22:17 Gold Mining
34:07 Imperial Age
Connection lost

Rejoining the realm…

Still unreachable

The connection could not be restored.

Session expired

The server has moved on; the page needs a fresh start.